 Dungeon Crawl Stone Soup version 0.29.0-4-gdea44cf6ec (webtiles) character file.

Game seed: 7466718586890837620

1519 qw the Cleaver (level 8, 0/69 (71) HPs)
             Began as a Minotaur Berserker on Sept 10, 2022.
             Was a Priest of Trog.
             Slain by a wight
             ... wielding a +3 spear
              (11 damage)
             ... on level 7 of the Dungeon.
             The game lasted 00:02:06 (7435 turns).

qw the Cleaver (Minotaur Berserker)                 Turns: 7435, Time: 00:02:06

HP:   0/69 (71)     AC:  4    Str: 25    XL:     8   Next: 54%
MP:   7/7           EV: 11    Int:  4    God:    Trog [***...]
Gold: 197           SH:  0    Dex:  9    Spells: 7/7 levels left

rFire   . . .      SeeInvis .   Y - +0 war axe
rCold   . . .      Faith    .   (no shield)
rNeg    + . .      Spirit   .   h - +3 leather armour of Inference {-Cast *Corrode rPois Will+++}
rPois   +          Reflect  .   (helmet restricted)
rElec   .          Harm     .   (no cloak)
rCorr   .          Rampage  .   e - +1 pair of gloves
Will    +++..      NoCast   +   (no boots)
Stlth   +.........              (no amulet)
HPRegen 0.21/turn               g - ring of positive energy
MPRegen 0.10/turn               (no ring)

@: corroded, on berserk cooldown, slowed, lightly drained, very slow
A: horns 2, retaliatory headbutt
a: Renounce Religion, Berserk, Trog's Hand


You were on level 7 of the Dungeon.
You worshipped Trog.
Trog was most pleased with you.
You visited 1 branch of the dungeon, and saw 7 of its levels.

You collected 221 gold pieces.
You spent 24 gold pieces at shops.


Innate Abilities, Weirdness & Mutations

You have a pair of horns on your head.
You reflexively headbutt those who attack you in melee.


   Skills:
 + Level 6.6 Fighting
 - Level 12.0 Axes
 - Level 2.4 Armour
 - Level 2.1 Dodging


You had 7 spell levels left.
You didn't know any spells.
Your spell library was empty.

Inventory:

Hand Weapons
 c - a +4 flail
 Y - a +0 war axe (weapon)
Armour
 e - a +1 pair of gloves (worn)
 h - the +3 leather armour of Inference (worn) {-Cast *Corrode rPois Will+++}
   (You found it on level 2 of the Dungeon)

   rPois:     It protects you from poison.
   -Cast:     It prevents spellcasting.
   *Corrode:  It may corrode you when you take damage.
   Will:      It greatly increases your willpower.
 k - a +0 scale mail
Jewellery
 g - a ring of positive energy (left hand)
Scrolls
 l - 3 scrolls of identify
Potions
 d - 2 potions of cancellation
 f - 2 potions of curing
 m - a potion of haste

Dungeon Overview and Level Annotations

Branches:
Dungeon (7/15)             Temple (0/1) D:4

Altars:
Ashenzari
Fedhas
Makhleb
Ru
Sif Muna
Vehumet
Zin

Shops:
D:2 *   D:3 !   D:6 *

Annotations:
D:4 1 runed translucent door, Crazy Yiuf


Message History

The wight hits you from afar with a +3 spear!
The wight barely misses you.
The wight hits you with a +0 spear of venom.
You barely miss the wight.
The wight is moderately damaged.
You hit the wight. The wight misses you. The wight barely misses you. x2
The wight completely misses you. The wight barely misses you.
You furiously retaliate!
You headbutt the wight! The wight barely misses you.
The wight closely misses you. The wight hits you but does no damage.
You closely miss the wight.
The wight is almost destroyed.
You hit the wight but do no damage. The wight barely misses you.
The wight misses you.
The wight hits you from afar with a +3 halberd!
The wight hits you but does no damage.
7433 ||| DRINKING potion of heal wounds.
You feel much better. The wight misses you.
The wight hits you from afar with a +3 halberd.
The wight misses you. The wight hits you but does no damage.
You slash the wight!
You destroy the wight!
Trog accepts your kill.
You hit the wight but do no damage.
The wight hits you from afar with a +3 spear!
You partially resist.
You feel drained.
Your corrosive artefact corrodes you!
The wight barely misses you. You furiously retaliate!
You headbutt the wight. The wight misses you.
The wight hits you with a +0 spear of venom.
You partially resist.
You feel drained.
The wight hits you from afar with a +3 halberd.
The wight hits you from afar with a +3 spear!
You partially resist.
You feel drained.
Your Axes skill increases to level 12!
You slash the wight!
You destroy the wight!
Trog accepts your kill.
The wight hits you from afar with a +3 spear!
You die...

#...........#.# #
#.............. # # #.
#.............# ...#.#####
#.#######%########
.......#.## #...#####.#
.......).(### #.......#
...##.......####..#.#..####
##.#....z##.))....>...#
####(..z)@.).#.#.#####
##....)##.....#
##...####...## ###.# ##.##
### #.# ### #.# #.# #.# #.#
#.# #.#########.#


You could see 2 wights.

Vanquished Creatures
  A water moccasin (D:6)
  A sky beast (D:7)
  A kobold brigand (D:6)
  Blork the orc (D:4)
  A necrophage (D:7)
  2 scorpions (D:5)
  9 wights
  4 jellies
  A gnoll bouda (D:7)
  3 hounds
  3 iguanas (D:5)
  9 gnolls
  10 adders
  2 white imps
  2 dart slugs
  5 orcs
  8 endoplasms
  3 giant cockroaches
  9 hobgoblins
  8 jackals
  2 quokkas
  5 ball pythons
  6 bats
  4 frilled lizards
  5 goblins
  11 kobolds
  12 rats
128 creatures vanquished.

Notes
Turn   | Place    | Note
-------+----------+-------------------------------------------
     0 | D:1      | qw the Minotaur Berserker began the quest for the Orb.
     0 | D:1      | Reached XP level 1. HP: 19/19 MP: 0/0
     0 | D:1      | 0 ||| qw: Version: 0.1-a-116-g5d60599
     0 | D:1      | 0 ||| qw: Game counter: 7489
     0 | D:1      | 0 ||| qw: Always use a shield: true
     0 | D:1      | 0 ||| qw: Do Orc after D:15 true
     0 | D:1      | 0 ||| qw: Do second Lair branch before Depths: true
     0 | D:1      | 0 ||| qw: Lair rune preference: random
     0 | D:1      | 0 ||| qw: Plans: Normal
     0 | D:1      | 0 ||| PLANNING D:1-11
    80 | D:1      | Reached skill level 4 in Axes
   105 | D:1      | Found a faded altar of an unknown god.
   146 | D:1      | Reached XP level 2. HP: 20/26 MP: 1/1
   289 | D:1      | 289 ||| Stepping ~*~*~tactically~*~*~ (stealth).
   293 | D:1      | 293 ||| Stepping ~*~*~tactically~*~*~ (stealth).
   296 | D:1      | 296 ||| Stepping ~*~*~tactically~*~*~ (stealth).
   496 | D:1      | 496 ||| Stepping ~*~*~tactically~*~*~ (stealth).
   587 | D:1      | Reached ** piety under Trog
   588 | D:1      | Reached skill level 5 in Axes
   953 | D:1      | Reached XP level 3. HP: 31/31 MP: 2/2
  1259 | D:1      | 1259 ||| UPGRADING to +0 leather armour.
  1269 | D:1      | 1269 ||| DROPPING +0 animal skin.
  1270 | D:1      | 1270 ||| UPGRADING to +0 pair of gloves.
  1275 | D:1      | 1275 ||| UPGRADING to +0 ring mail.
  1285 | D:1      | 1285 ||| DROPPING +0 leather armour.
  1375 | D:2      | Identified the +3 leather armour of Inference {-Cast
                  | *Corrode rPois Will+++}
  1384 | D:2      | 1384 ||| Stepping ~*~*~tactically~*~*~ (stealth).
  1552 | D:2      | Found Goxoibly's General Store.
  1561 | D:2      | 1561 ||| BUYING scroll of identify (24 gold).
  1561 | D:2      | Bought a scroll of identify for 24 gold pieces
  1967 | D:2      | 1967 ||| UPGRADING to +3 leather armour of Inference {-Cast
                  | *Corrode rPois Will+++}.
  1977 | D:2      | 1977 ||| DROPPING +0 ring mail.
  1978 | D:2      | 1978 ||| READING 3 scrolls labelled MUESISUIKO.
  1979 | D:2      | 1979 ||| READING scroll labelled ZAIDUCUI HYOHI.
  1980 | D:2      | 1980 ||| READING 2 scrolls of identify.
  1980 | D:2      | 1980 ||| IDENTIFYING bubbling coppery potion
  1981 | D:2      | 1981 ||| DROPPING 2 scrolls of immolation.
  1982 | D:2      | 1982 ||| DROPPING potion of lignification.
  2180 | D:3      | 2180 ||| DROPPING +0 club.
  2233 | D:3      | Reached skill level 6 in Axes
  2233 | D:3      | Reached XP level 4. HP: 39/39 MP: 3/3
  2250 | D:3      | Found a glowing silver altar of Zin.
  2250 | D:3      | Found a burning altar of Makhleb.
  2259 | D:3      | Found a sacrificial altar of Ru.
  2261 | D:3      | Found a faded altar of an unknown god.
  2263 | D:3      | Found a faded altar of an unknown god.
  2293 | D:3      | Found Datuitu's Distillery.
  2295 | D:3      | You fall into a shaft and drop 3 floors!
  2377 | D:6      | 2377 ||| READING scroll labelled GIBETU TEVI.
  2381 | D:5      | Entered Level 5 of the Dungeon
  2648 | D:5      | 2648 ||| INVOKING Berserk.
  2650 | D:5      | Reached skill level 7 in Axes
  2650 | D:5      | Reached XP level 5. HP: 45/45 MP: 4/4
  2903 | D:5      | Found a radiant altar of Vehumet.
  2917 | D:5      | 2917 ||| Stepping ~*~*~tactically~*~*~ (hiding).
  2918 | D:5      | 2918 ||| Stepping ~*~*~tactically~*~*~ (hiding).
  2934 | D:5      | 2934 ||| INVOKING Berserk.
  2936 | D:5      | Reached skill level 8 in Axes
  2936 | D:5      | Reached XP level 6. HP: 36/52 MP: 5/5
  3091 | D:5      | 3091 ||| READING 3 scrolls of identify.
  3091 | D:5      | 3091 ||| IDENTIFYING lumpy orange potion
  3092 | D:5      | 3092 ||| DROPPING potion of flight.
  3143 | D:3      | 3143 ||| SHOPLISTING 2 potions of curing (78 gold, have
                  | 74).
  3143 | D:3      | 3143 ||| SHOPLISTING potion of mutation (104 gold, have
                  | 74).
  3143 | D:3      | 3143 ||| SHOPLISTING potion of resistance (130 gold, have
                  | 74).
  3304 | D:3      | Found a shimmering blue altar of Sif Muna.
  3555 | D:4      | 3555 ||| INVOKING Berserk.
  3669 | D:4      | Found a broken altar of Ashenzari.
  3695 | D:4      | Reached *** piety under Trog
  3762 | D:4      | Noticed Blork the orc
  3764 | D:4      | 3764 ||| INVOKING Berserk.
  3766 | D:4      | Killed Blork the orc
  3767 | D:4      | Reached skill level 9 in Axes
  3896 | D:4      | 3896 ||| DROPPING +0 whip.
  3940 | D:4      | Found a staircase to the Ecumenical Temple.
  3941 | D:4      | 3941 ||| SWAPPING to +0 war axe.
  3942 | D:4      | 3942 ||| DROPPING +0 hand axe.
  4139 | D:4      | 4139 ||| Stepping ~*~*~tactically~*~*~ (hiding).
  4217 | D:4      | 4217 ||| INVOKING Berserk.
  4418 | D:4      | Found a runed translucent door.
  4419 | D:4      | Noticed Crazy Yiuf
  4699 | D:4      | 4699 ||| UPGRADING to ring of positive energy.
  4700 | D:4      | 4700 ||| READING scroll labelled QELULI NOCUBUY.
  4701 | D:4      | 4701 ||| READING 2 scrolls labelled MUMAAZ FOTHRA.
  4702 | D:4      | 4702 ||| DRINKING 3 sedimented cyan potions.
  4703 | D:4      | 4703 ||| READING 5 scrolls of identify.
  4703 | D:4      | 4703 ||| IDENTIFYING bubbling silvery potion
  4704 | D:4      | 4704 ||| READING 4 scrolls of identify.
  4704 | D:4      | 4704 ||| IDENTIFYING inky potion
  4705 | D:4      | 4705 ||| DROPPING scroll of amnesia.
  4706 | D:4      | 4706 ||| DROPPING potion of ambrosia.
  4963 | D:5      | Reached XP level 7. HP: 61/61 MP: 6/6
  5105 | D:5      | 5105 ||| Stepping ~*~*~tactically~*~*~ (stealth).
  5106 | D:5      | 5106 ||| Stepping ~*~*~tactically~*~*~ (stealth).
  5107 | D:5      | 5107 ||| Stepping ~*~*~tactically~*~*~ (hiding).
  5117 | D:5      | 5117 ||| FLEEEEING.
  5118 | D:5      | 5118 ||| FLEEEEING.
  5119 | D:5      | 5119 ||| FLEEEEING.
  5120 | D:5      | 5120 ||| FLEEEEING.
  5121 | D:5      | 5121 ||| FLEEEEING.
  5123 | D:5      | 5123 ||| FLEEEEING.
  5124 | D:5      | 5124 ||| FLEEEEING.
  5125 | D:5      | 5125 ||| FLEEEEING.
  5126 | D:5      | 5126 ||| FLEEEEING.
  5127 | D:5      | 5127 ||| FLEEEEING.
  5128 | D:5      | 5128 ||| FLEEEEING.
  5129 | D:5      | 5129 ||| FLEEEEING.
  5130 | D:5      | 5130 ||| FLEEEEING.
  5131 | D:5      | 5131 ||| FLEEEEING.
  5132 | D:5      | 5132 ||| FLEEEEING.
  5133 | D:5      | 5133 ||| STAIRDANCE
  5225 | D:4      | 5225 ||| READING 3 scrolls of identify.
  5225 | D:4      | 5225 ||| IDENTIFYING fizzy ruby potion
  5548 | D:5      | 5548 ||| Stepping ~*~*~tactically~*~*~ (stealth).
  5659 | D:5      | 5659 ||| READING scroll labelled DIEFIFE DEACEI.
  5760 | D:5      | 5760 ||| READING scroll labelled XUAFAPRE ARAT.
  5867 | D:6      | 5867 ||| Stepping ~*~*~tactically~*~*~ (stealth).
  5869 | D:6      | 5869 ||| Stepping ~*~*~tactically~*~*~ (hiding).
  5870 | D:6      | 5870 ||| Stepping ~*~*~tactically~*~*~ (hiding).
  5871 | D:6      | 5871 ||| Stepping ~*~*~tactically~*~*~ (hiding).
  5975 | D:6      | Reached skill level 10 in Axes
  6010 | D:6      | Found Wiekhlai's General Store.
  6021 | D:6      | 6021 ||| INVOKING Berserk.
  6182 | D:6      | 6182 ||| DROPPING +0 flail.
  6240 | D:6      | Reached skill level 6 in Fighting
  6468 | D:6      | 6468 ||| Stepping ~*~*~tactically~*~*~ (stealth).
  6469 | D:6      | 6469 ||| Stepping ~*~*~tactically~*~*~ (stealth).
  6472 | D:6      | 6472 ||| Stepping ~*~*~tactically~*~*~ (stealth).
  6494 | D:6      | 6494 ||| INVOKING Berserk.
  6496 | D:6      | Reached XP level 8. HP: 44/71 MP: 7/7
  6698 | D:6      | Found a blossoming altar of Fedhas.
  7015 | D:6      | 7015 ||| INVOKING Berserk.
  7018 | D:6      | Reached skill level 11 in Axes
  7133 | D:6      | 7133 ||| READING scroll labelled ANGAHA OKIDUPN.
  7136 | D:6      | 7136 ||| READING 3 scrolls of identify.
  7136 | D:6      | 7136 ||| IDENTIFYING lumpy ruby potion
  7169 | D:7      | 7169 ||| Stepping randomly (stuck).
  7232 | D:7      | 7232 ||| READING scroll of enchant armour.
  7232 | D:7      | 7232 ||| ENCHANTING +0 pair of gloves.
  7244 | D:7      | 7244 ||| Stepping ~*~*~tactically~*~*~ (water).
  7394 | D:7      | 7394 ||| Stepping ~*~*~tactically~*~*~ (hiding).
  7396 | D:7      | 7396 ||| FLEEEEING.
  7397 | D:7      | 7397 ||| FLEEEEING.
  7398 | D:7      | 7398 ||| FLEEEEING.
  7399 | D:7      | 7399 ||| FLEEEEING.
  7400 | D:7      | 7400 ||| FLEEEEING.
  7401 | D:7      | 7401 ||| FLEEEEING.
  7403 | D:7      | 7403 ||| FLEEEEING.
  7404 | D:7      | 7404 ||| FLEEEEING.
  7405 | D:7      | 7405 ||| FLEEEEING.
  7408 | D:7      | 7408 ||| FLEEEEING.
  7409 | D:7      | 7409 ||| FLEEEEING.
  7412 | D:7      | 7412 ||| INVOKING Berserk.
  7432 | D:7      | HP: 14/71 [wight/+3 halberd (10)]
  7433 | D:7      | 7433 ||| DRINKING potion of heal wounds.
  7435 | D:7      | Reached skill level 12 in Axes
  7435 | D:7      | Slain by a wight

Levels and vault maps discovered:
D:1:      dpeg_arrival_boxes_within_box, layout_basic,
          hellmonk_ecumenical_altar_arch_garden
D:2:      layout_loops_ring, serial_shops, shop
D:3:      layout_loops_ring, led_sif_pool, chequers_temple_overflow_minitemple,
          serial_shops, nicolae_shop_behind_doors
D:4:      layout_basic, nicolae_overflow_crystal_walls,
          minmay_temple_entry_glassed_door, serial_corexii_hall,
          corexii_hall_statues_t, corexii_hall_statues_l,
          chequers_hall_statues_corner_a, small_statue_intersection,
          minmay_misc_feat_enclosed, uniq_crazy_yiuf_cottage, uniq_blork_the_orc
D:5:      layout_basic, mainiacjoe_overflow_24_doors
D:6:      layout_basic, fedhas_altar_4, serial_shops, shop
D:7:      layout_basic, nicolae_tso_carved_into_rock, enter_bailey_4,
          serial_shops, nicolae_shop_bloodbath_and_beyond,
          serial_co_window_serial, co_window_paths_a, co_window_cross_1,
          co_window_corner_a, co_window_cross_1, co_window_of_opportunity_a,
          co_window_paths_b, co_window_corner_a, co_window_corner_b,
          co_window_corner_b, co_window_broadway_c, co_window_of_opportunity_b,
          glass_columns_b, glass_columns_c, glass_columns_a, glass_columns_a,
          glass_columns_b, uniq_pikel

Skill      XL: |  1  2  3  4  5  6  7  8 |
---------------+-------------------------+-----
Axes           | 4 5 6 7 8 9 10 12 | 12.0
Fighting       | 4 5 6 |  6.6
Armour         | |  2.4
Dodging        | |  2.1

Action                   |  1- 3 |  4- 6 |  7- 9 || total
-------------------------+-------+-------+-------++-------
Melee: Hand axe          |    97 |    63 |       ||   160
       Headbutt          |     8 |    19 |    15 ||    42
       Punch             |       |     1 |     3 ||     4
       War axe           |       |    20 |   109 ||   129
Throw: Boomerang         |    31 |    35 |       ||    66
Invok: Berserk           |       |     5 |     4 ||     9
  Use: Scroll            |     3 |     6 |     6 ||    15
       Potion            |       |     1 |     1 ||     2
Armor: Animal skin       |     9 |       |       ||     9
       Ring mail         |     9 |       |       ||     9
       Leather armour    |     2 |    23 |    23 ||    48
Dodge: Dodged            |    50 |    36 |    60 ||   146

Table legend:
 A = Non-vault XP
 B = Vault XP
 C = Vault XP percentage of total XP
 D = Non-vault monster count
 E = Vault monster count
 F = Vault count percentage of total count
                 A         B        C        D         E       F
            +---------+---------+-------+---------+---------+-------
      Total |    2148 |      94 |   4.2 |     127 |       1 |   0.8
            +---------+---------+-------+---------+---------+-------
        D:1 |      46 |       0 |   0.0 |      30 |       0 |   0.0
        D:2 |      41 |       0 |   0.0 |      19 |       0 |   0.0
        D:3 |      32 |       0 |   0.0 |      12 |       0 |   0.0
        D:4 |     159 |      94 |  37.2 |      12 |       1 |   7.7
        D:5 |     576 |       0 |   0.0 |      26 |       0 |   0.0
        D:6 |     750 |       0 |   0.0 |      16 |       0 |   0.0
        D:7 |     544 |       0 |   0.0 |      12 |       0 |   0.0
            +---------+---------+-------+---------+---------+-------
